 Dungeon Crawl Stone Soup version 0.27.1-34-g3ba077fa99 (console) character file.

Game seed: 8772405011091075166

103 Banquo the Cutter (level 5, -2/40 HPs)
             Began as a Djinni Chaos Knight on Jan 6, 2022.
             Was a Plaything of Xom.
             Slain by a wight (12 damage)
             ... on level 4 of the Dungeon.
             The game lasted 00:07:16 (2778 turns).

Banquo the Cutter (Djinni Chaos Knight)             Turns: 2778, Time: 00:07:16

Health: -2/40      AC:  5    Str: 11    XL:     5   Next: 6%
Gold:   81         EV: 15    Int: 21    God:    Xom [......] SH:  0 Dex: 12

rFire    + + .     SeeInvis .   a - +0 short sword (chaos)
rCold    x . .     Faith    .   (no shield)
rNeg     . . .     Spirit   .   b - +2 leather armour
rPois    ∞         Reflect  .   (no helmet)
rElec    .         Harm     .   (no cloak)
rCorr    .         Rampage  .   (no gloves)
Will     +....                  (boots unavailable)
Stlth    +.........             f - amulet of the acrobat
HPRegen  0.13/turn              l - +6 ring of intelligence
MPRegen  0.00/turn              t - +4 ring of evasion

@: unable to read, flying
A: sickness immunity, fire resistance 2, cold vulnerability 1, float, innate
caster, hp casting, extra vitality 1, strong-willed 1, wild magic 1, inability
to read while threatened
a: Renounce Religion


You were on level 4 of the Dungeon.
You worshipped Xom.
You were a very special plaything of Xom.
You visited 1 branch of the dungeon, and saw 4 of its levels.

You collected 81 gold pieces.

Inventory:

Hand Weapons
 a - a +0 short sword of chaos (weapon)
 h - a +3 whip of holy wrath
Missiles
 g - 14 stones (quivered)
 o - 5 poisoned darts
 p - 5 curare-tipped darts
 v - 8 javelins
Armour
 b - a +2 leather armour (worn)
 r - a +0 kite shield
 u - a +0 plate armour
Jewellery
 f - an amulet of the acrobat (around neck)
 l - a +6 ring of intelligence (left hand)
 n - a ring of fire
 q - a ring of willpower
 t - a +4 ring of evasion (right hand)
Wands
 m - a wand of iceblast (9)
Scrolls
 i - a scroll of silence {unknown}
 s - a scroll of holy word {unknown}
 w - a scroll of enchant weapon {unknown}
Potions
 c - 3 potions of heal wounds {unknown}
 d - a potion of degeneration {unknown}
 e - a potion of invisibility {unknown}
 j - 2 potions of curing {unknown}
 k - a potion of haste {unknown}


   Skills:
 + Level 3.6 Fighting
 + Level 3.7 Short Blades
 * Level 2.2 Armour
 - Level 2.1 Dodging
 * Level 0.7 Spellcasting


You had 2 spell levels left.
You knew the following spells:

 Your Spells              Type           Power      Damage    Failure   Level
a - Freeze                Ice            20%        1d4       22%         1
b - Corpse Rot            Necr/Air       N/A        N/A       32%         2
Your spell library was empty.

Dungeon Overview and Level Annotations

Branches:
Dungeon (4/15)
 Temple: D:4-7

Altars:
Xom

Shops:
D:1 ???*


Innate Abilities, Weirdness & Mutations

You are immune to sickness and miasma.
You are immune to poison.
Your flesh is very heat resistant. (rF++)
You are vulnerable to cold. (rC-)
You float through the air rather than walking.
You learn spells naturally, not from books.
Your magical power is your life essence.
You have superior vitality. (+4 HP)
You are strong-willed. (Will+)
Your spells are a little harder to cast, but a little more powerful.
You sometimes lose the ability to read scrolls when taking damage.


Message History

The adder barely misses you.
You hit the adder.
You kill the adder!
You have reached level 5!
The power to cast Corpse Rot wells up from within.
Spell assigned to 'b'.
You see here 8 javelins.
v - 8 javelins
w - a scroll labelled ZEMMUI ZEUKOECW A wight comes into view.
It is wielding a +4 hand axe and wearing a +2 robe of willpower.
The wight moves out of view.
There is a stone staircase leading up here.
You fly upwards.
There is a stone staircase leading down here.
There is a stone staircase leading down here.
You fly downwards.
There is a stone staircase leading up here.
Found a bubbling grey potion.
Found a scroll labelled WYODDO WUOCUN and 9 gold pieces.
j - 2 bubbling grey potions (gained 1)
There are no items here.
Found a scroll labelled TORAJUEXIPT.
You hit the wight but do no damage. You hit the wight but do no damage.
The wight seems to grow stronger.
The wight hits you with a +4 hand axe!
You hit the wight but do no damage.
Nothing appears to happen.
The wight hits you with a +4 hand axe.
You feel threatened and lose the ability to read scrolls!
You closely miss the wight. The wight hits you but does no damage.
You closely miss the wight.
You can read scrolls again.
The wight barely misses you.
You hit the wight but do no damage. The wight hits you with a +4 hand axe!
You hit the wight but do no damage.
The wight flickers and vanishes!
Deactivating autopickup; reactivate with Ctrl-A.
Something hits you!
You feel threatened and lose the ability to read scrolls!
* * * LOW HITPOINT WARNING * * *
You hit something but do no damage. Something hits you!
You die...

?. .. ##..# ..# .. ....
....##. .##
...###.......######$. .
###...#..............# ..
#.....#.........#..?.#..#
#
#......#..z....#..#....#.#
#......# .# ##{...##....#
#.<#..##.####@#.........
#.†.....................
##............#....#...
#......##....###..# .
#.....####...# #..##
#....## ##### #<..# ##...#
##...# #.....# .......
##....# ###....


There were no monsters in sight!

Vanquished Creatures
  5 adders
  A dart slug (D:3)
  An orc (D:3)
  7 endoplasms
  A giant cockroach (D:2)
  8 hobgoblins
  4 jackals
  4 kobolds
  2 quokkas (D:2)
  3 ball pythons
  7 bats
  2 frilled lizards
  6 goblins
  2 rats
53 creatures vanquished.

Vanquished Creatures (collateral kills)
  2 jackals (D:2)
2 creatures vanquished.

Grand Total: 55 creatures vanquished

Notes
Turn   | Place    | Note
-------+----------+-------------------------------------------
     0 | D:1      | Banquo the Djinni Chaos Knight began the quest for the Orb.
     0 | D:1      | Reached XP level 1. HP: 20/20 MP: 0/0
   104 | D:1      | Found Biduin's Magic Scroll Emporium.
   105 | D:1      | Found Sezeet's Magic Scroll Boutique.
   121 | D:1      | Found Hetoub's Assorted Antiques.
   179 | D:1      | Reached XP level 2. HP: 25/25 MP: 0/0
   215 | D:1      | XOM: silly message
   220 | D:1      | XOM: scenery: summon butterflies
   427 | D:1      | Found a faded altar of an unknown god.
   457 | D:1      | Found Oriop's Magic Scroll Boutique.
   653 | D:1      | Reached XP level 3. HP: 27/30 MP: 0/0
   653 | D:1      | Learned a level 1 spell: Freeze
  1335 | D:2      | XOM: god gift: sharpened gold wand {god gift}
  1463 | D:2      | XOM: summons friendly iron imp
  1469 | D:2      | Reached XP level 4. HP: 29/35 MP: 0/0
  1517 | D:2      | XOM: give mutations
  1517 | D:2      | Gained mutation: Your spells are a little harder to cast,
                  | but a little more powerful. [Xom's mischief]
  1517 | D:2      | Gained mutation: You sometimes lose the ability to read
                  | scrolls when taking damage. [Xom's mischief]
  1517 | D:2      | Gained mutation: You are strong-willed. (Will+) [Xom's
                  | mischief]
  2220 | D:3      | XOM: 1-stop teleportation journey
  2730 | D:4      | Reached XP level 5. HP: 38/40 MP: 0/0
  2730 | D:4      | Learned a level 2 spell: Corpse Rot
  2778 | D:4      | Slain by a wight

Illustrated notes

Levels and vault maps discovered:
D:1:      onia_arrival_mini_maze_b, layout_loops_cross,
          hellmonk_ecumenical_altar_inner_sanctum, serial_shops, shop, shop,
          nicolae_shop_statue_plus, shop, minmay_misc_feat_room,
          amethyst_killhole
D:2:      layout_basic, serial_park_tiny_2, dk_vineyard_2
D:3:      layout_rooms
D:4:      layout_cave_pools, chequers_temple_overflow_minitemple,
          nicolae_elyvilon_peaceful_grove, uniq_menkaure

Skill      XL: |  1  2  3  4 |
---------------+-------------+-----
Short Blades   | 3 |  3.7
Armour         | 2 |  2.2
Fighting       | |  3.6
Dodging        | |  2.1
Spellcasting   | |  0.7

Action                   |  1- 3 |  4- 6 || total
-------------------------+-------+-------++-------
Melee: Short sword       |    89 |    90 ||   179
 Stab: Sleeping          |     1 |     1 ||     2
Armor: Leather armour    |    30 |    27 ||    57
Dodge: Dodged            |    51 |    43 ||    94
